 Dungeon Crawl Stone Soup version 0.31-a0-876-gfe8ebadbca (webtiles) character file.

Game seed: 5791777507904591044

47 kae the Insei (level 3, 0/28 HPs)
             Began as a Demigod Shapeshifter on Oct 13, 2023.
             Killed from afar by an orc wizard (9 damage)
             ... with a magic dart
             ... on level 3 of the Dungeon.
             The game lasted 00:01:07 (1938 turns).

kae the Insei (Demigod Shapeshifter)                Turns: 1938, Time: 00:01:08

Health: 0/28       AC:  5    Str: 15    XL:     3   Next: 29%
Magic:  5/5        EV: 11    Int: 12    God:
Gold:   79         SH:  0    Dex: 17    Spells: 2/2 levels left

rFire   . .          .
                       - Unarmed
rCold   . . .        (no shield)
rNeg    . . .        r - +0 ring mail
rPois   .            (helmet currently unavailable)
rElec   .            (cloak currently unavailable)
rCorr   .            (gloves currently unavailable)
SInv    .            (boots currently unavailable)
Will    .....        (no amulet)
Stlth   +            (no ring)
HPRegen 0.24/turn    (no ring)
MPRegen 0.09/turn

%: no passive effects
@: beast-form
A: beast (slay +1), high MP 1, forlorn, divine attributes
a: Begin Untransformation


You were on level 3 of the Dungeon.
You were a hulking beast.
You visited 1 branch of the dungeon, and saw 3 of its levels.

You collected 79 gold pieces.


Innate Abilities, Weirdness & Mutations

You are a hulking beast.
Your limbs bulge with bestial killing power. (Slay +1)
You have an increased reservoir of magic. (+10% MP)
You shall have no god before yourself.
Your divine heritage dramatically boosts your attributes as you level up.


   Skills:
 + Level 1.4 Fighting
 - Level 1.7 Dodging
 * Level 3.3 Unarmed Combat
 * Level 3.2 Shapeshifting


You had 2 spell levels left.
You didn't know any spells.
Your spell library contained the following spells:

 Spells                   Type           Power      Damage    Failure   Level
 Kiss of Death            Conj/Necr      0%         2d5       54%         1
 Confusing Touch          Hex            0%         N/A       89%         3
 Frozen Ramparts          Ice            0%         1d1       89%         3
 Dispel Undead            Necr           0%         3d6       100%        4
 Petrify                  Tmut/Erth      0%         N/A       100%        4
 Metabolic Englaciation   Hex/Ice        0%         N/A       100%        5

Inventory:

Missiles
 e - 8 poisoned darts
 h - 29 stones
 n - 6 boomerangs
Armour
 a - a +0 animal skin
 q - a +0 pair of gloves
   (You found it on level 2 of the Dungeon)
 r - a +0 ring mail (worn)
   (You found it on level 1 of the Dungeon)
Jewellery
 p - a ring of willpower
   (You found it on level 2 of the Dungeon)
Talismans
 c - a beast talisman (active)
 d - a flux talisman
Wands
 l - a wand of flame (23)
   (You found it on level 2 of the Dungeon)
Scrolls
 f - 3 scrolls of identify {@r1}
 k - a scroll of teleportation {unknown}
 m - a scroll of fear
Potions
 b - 2 potions of lignification {!q}
 g - a potion of curing {@q1}
 i - a potion of enlightenment
 j - a potion of haste {unknown}
 o - a potion of invisibility {unknown}

Dungeon Overview and Level Annotations

Branches:
Dungeon (3/15) Zot: 16064

#### #####
.... #
...##..# #.
......###
#o##)†...>..
###..o.#
#....##)#
#.##.##h#
#...o.#
#..#..#
###......#
......>.#..#
####.#(.## #
......
##.#.###
.....


You could see an orc wizard and an orc.


Message History

An orc comes into view. It is wielding a +0 mace.
You barely miss the orc wizard.
The orc wizard hits you with a +0 dagger.
The orc hits you with a +0 dagger.
There are monsters nearby!
You closely miss the orc wizard. The orc wizard barely misses you.
The orc barely misses you.
You closely miss the orc wizard.
The orc wizard hits you with a +0 dagger.
The orc hits you but does no damage.
An orc comes into view. It is wielding a +0 mace. 😮 HP[-8]
You take 8 damage, and now have 20/28 hp.
MASSIVE DAMAGE!! (PAUSE)
The orc wizard attacks as it pursues you!
The orc wizard closely misses you.
There is a stone staircase leading up here.
You climb upwards.
There is a stone staircase leading down here. 😮 HP[+1] Unknown command.
You start resting. 😕 HP[+2]
You regained 2 hp, and now have 23/28 hp.
You start resting. 😎 HP[+5]
Your hp is fully restored (28).
You start waiting.
Done waiting.
You climb downwards.
The orc shouts!
The orc hits you but does no damage. The orc barely misses you.
The orc hits you but does no damage. The orc closely misses you.
There is a stone staircase leading up here.
You hit the orc. The orc hits you but does no damage.
The orc barely misses you. The orc closely misses you.
You hit the orc but do no damage. The orc barely misses you.
The orc hits you with a +0 mace. The orc closely misses you. 😕 HP[-2]
You take 2 damage, and now have 26/28 hp.
You hit the orc. The orc barely misses you. The orc misses you.
The orc hits you but does no damage.
The orc wizard gestures wildly while chanting.
The orc wizard flickers and vanishes!
Deactivating autopickup; reactivate with Ctrl-A.
You hit the orc but do no damage. The orc hits you with a +0 mace!
The orc hits you with a +0 dagger.
The orc hits you but does no damage. 😮 HP[-8]
You take 8 damage, and now have 18/28 hp.
MASSIVE DAMAGE!! (PAUSE) Unknown command.
The orc hits you but does no damage. x2
You climb upwards.
Reactivating autopickup.
There is a stone staircase leading down here. 😮 HP[+1] Unknown command.
You are too injured to fight recklessly!
You are too injured to fight recklessly!
You are too injured to fight recklessly!
You are too injured to fight recklessly!
You are too injured to fight recklessly!
You are too injured to fight recklessly!
You hit the orc but do no damage. You hit the orc.
You kill the orc!
The orc barely misses you. The orc hits you but does no damage.
Things that are here:
a +0 dagger; a +0 chain mail; an orc corpse 😮 HP[+1]
The orc barely misses you.
An orc is nearby!
You barely miss the orc. The orc hits you but does no damage.
You hit the orc.
The orc hits you with a +0 mace. 😮 HP[-1]
You take 1 damage, and now have 19/28 hp.
You punch the orc!
You kill the orc!
You see here a +0 mace. 😮 HP[+1]
There is a stone staircase leading down here.
You start resting. 😕 HP[+3]
You regained 3 hp, and now have 23/28 hp.
You start resting. 😎 HP[+5]
Your hp is fully restored (28).
You climb downwards.
The orc hits you with a +0 mace.
The orc wizard gestures at you while chanting.
The magic dart hits you!
There is a stone staircase leading up, spattered with blood here. 😮 HP[-13]
You take 13 damage, and now have 15/28 hp.
MASSIVE DAMAGE!! (PAUSE)
The orc hits you with a +0 mace.
* * * LOW HITPOINT WARNING * * *
The orc wizard gestures at you while chanting.
The magic dart hits you!
You die...

Skill      XL: |  1  2 |
---------------+-------+-----
Fighting       | 1 |  1.4
Unarmed Combat | 3 |  3.3
Shapeshifting  | 3 |  3.2
Dodging        | |  1.7

Action                     || total
---------------------------++-------
  Melee: Unarmed           ||   126
         Punch             ||     5
    Use: Scroll            ||     4
   Stab: Sleeping          ||     2
 Armour: Animal skin       ||    47
         Ring mail         ||    36
  Dodge: Dodged            ||    84

Levels and vault maps discovered:
D:1:      matt_arrival_diagonals, layout_basic
D:2:      cheibrodos_helix_gallery, layout_basic, nicolae_ecumenical_oubliette
D:3:      layout_basic, serial_curves, eino_curves_04, eino_curves_02,
          minmay_misc_feat_room, minmay_fractal_squares_gapless_5, uniq_jessica,
          uniq_sigmund, uniq_ijyb

Notes
Turn   | Place    | Note
-------+----------+-------------------------------------------
     0 | D:1      | kae the Demigod Shapeshifter began the quest for the Orb.
     0 | D:1      | Reached XP level 1. HP: 15/15 MP: 3/3
     0 | D:1      | magus.rc [v1.11.3]
    47 | D:1      | You pick up a book of Sloth and begin reading...
    47 | D:1      | You add the spells Frozen Ramparts, Petrify and Metabolic
                  | Englaciation to your library.
    63 | D:1      | Reached skill level 1 in Fighting
   168 | D:1      | Reached skill level 3 in Unarmed Combat
   168 | D:1      | Reached XP level 2. HP: 22/23 MP: 4/4
   207 | D:1      | Reached skill level 3 in Shapeshifting
   928 | D:2      | You pick up a book of Touch and begin reading...
   928 | D:2      | You add the spells Kiss of Death, Confusing Touch and
                  | Dispel Undead to your library.
  1223 | D:2      | Reached XP level 3. HP: 25/28 MP: 5/5
  1938 | D:3      | Killed from afar by an orc wizard

Vanquished Creatures
  A dart slug (D:1)
  2 orcs (D:2)
  3 ball pythons
  3 endoplasms
  3 giant cockroaches
  2 goblins
  3 hobgoblins
  2 quokkas
  5 bats
  5 frilled lizards
  4 kobolds
  8 rats
41 creatures vanquished.

Table legend:
 A = Non-vault XP
 B = Vault XP
 C = Vault XP percentage of total XP
 D = Non-vault monster count
 E = Vault monster count
 F = Vault count percentage of total count
                 A         B        C        D         E       F
            +---------+---------+-------+---------+---------+-------
      Total |      65 |       3 |   4.4 |      39 |       2 |   4.9
            +---------+---------+-------+---------+---------+-------
        D:1 |      37 |       0 |   0.0 |      22 |       0 |   0.0
        D:2 |      21 |       3 |  12.5 |      13 |       2 |  13.3
        D:3 |       7 |       0 |   0.0 |       4 |       0 |   0.0
            +---------+---------+-------+---------+---------+-------

Skill      XL: |  1  2 |
---------------+-------+-----
Fighting       | 1 |  1.4
Unarmed Combat | 3 |  3.3
Shapeshifting  | 3 |  3.2
Dodging        | |  1.7

Action                     || total
---------------------------++-------
  Melee: Unarmed           ||   126
         Punch             ||     5
    Use: Scroll            ||     4
   Stab: Sleeping          ||     2
 Armour: Animal skin       ||    47
         Ring mail         ||    36
  Dodge: Dodged            ||    84

Illustrated notes

Table legend:
 A = Kills in this place as a percentage of kills in the entire game.
 B = Kills by you in this place as a percentage of kills by you in the entire game.
 C = Kills by friends in this place as a percentage of kills by friends in the entire game.
 D = Other kills in this place as a percentage of other kills in the entire game.
 E = Experience gained in this place as a percentage of experience gained in the entire game.
 F = Experience gained in this place divided by the number of levels of this place that you have seen.
                   A       B       C       D       E      F
               +-------+-------+-------+-------+-------+----------------------
         Total | 100.0 | 100.0 |   N/A |   N/A | 100.0 |  22.7
       Dungeon | 100.0 | 100.0 |   N/A |   N/A | 100.0 |  22.7
               +-------+-------+-------+-------+-------+----------------------

Table legend: (Time is in decaauts)
 A = Elapsed time spent in this place.
 B = Non-inter-level travel time spent in this place.
 C = Inter-level travel time spent in this place.
 D = Time resting spent in this place.
 E = Time spent auto-exploring this place.
 F = Levels seen in this place.
 G = Mean time per level.
                   A        B        C        D        E       F      G
               +--------+--------+--------+--------+--------+-----+--------+
         Total |   1935 |   1706 |    229 |    162 |   1272 |   3 |  645.0 |
       Dungeon |   1935 |   1706 |    229 |    162 |   1272 |   3 |  645.0 |
               +--------+--------+--------+--------+--------+-----+--------+

Top non-repeatable levels by time:
     D:1: 1002 daAuts
     D:2: 877 daAuts
     D:3: 55 daAuts
